 Seeded DCSS version 0.30.1-11-g7821555f0a (webtiles) character file.

Game seed: 7978697619540341664 (custom seed)

23 fireball365 the Trooper (level 2, -1/27 HPs)
             Began as a Hill Orc Fighter on Dec 2, 2023.
             Killed by an exploding bat (28 damage)
             ... ignited by their inner flame
             ... on level 2 of the Dungeon.
             The game lasted 00:01:28 (911 turns).

fireball365 the Trooper (Hill Orc Fighter)           Turns: 911, Time: 00:01:28

Health: -1/27      AC: 10    Str: 18    XL:     2   Next: 95%
Magic:  2/2        EV:  9    Int:  8    God:
Gold:   34         SH:  4    Dex: 10    Spells: 1/1 levels left

rFire   . . .        a - +0 war axe
rCold   . . .        c - +0 buckler
rNeg    . . .        b - +0 scale mail
rPois   +            (no helmet)
rElec   .            (no cloak)
rCorr   +            e - +1 pair of gloves
SInv    .            h - +0 pair of boots
Will    .....        (no amulet) Stlth
                     f - ring of poison resistance
HPRegen 0.24/turn    k - ring of resist corrosion
MPRegen 0.08/turn

%: no passive effects
@: no status effects
A: no striking features
a: no special abilities


You were on level 2 of the Dungeon.
You visited 1 branch of the dungeon, and saw 2 of its levels.

You collected 34 gold pieces.

Inventory:

Hand Weapons
 a - a +0 war axe (weapon)
Armour
 b - a +0 scale mail (worn)
 c - a +0 buckler (worn)
 e - a +1 pair of gloves (worn)
 h - a +0 pair of boots (worn)
Jewellery
 f - a ring of poison resistance (left hand)
 j - a ring of positive energy
 k - a ring of resist corrosion (right hand)
Potions
 d - a potion of might
 g - a potion of lignification {unknown}


   Skills:
 + Level 4.0 Fighting
 + Level 3.1 Axes
 + Level 3.6 Armour
 + Level 3.6 Shields


You had one spell level left.
You didn't know any spells.
Your spell library was empty.

Dungeon Overview and Level Annotations

Branches:
Dungeon (2/15)

Altars:

Shops:
D:1 [


Message History

You hit the rat but do no damage. You closely miss the bat.
The bat barely misses you. The rat closely misses you.
The bat barely misses you.
You slash the rat!
You kill the rat!
You completely miss the bat. The bat hits you but does no damage.
The bat barely misses you. You block the bat's attack.
The bat hits you but does no damage.
You see here a scroll labelled KYADUN YQACK.
You block the bat's attack.
You see here a scroll labelled KYADUN YQACK.
The bat closely misses you. The bat attacks as you move away!
You block the bat's attack. The bat hits you.
The bat hits you but does no damage.
You see here a scroll labelled KYADUN YQACK.
l - a scroll labelled KYADUN YQACK The bat hits you but does no damage.
As you read the scroll labelled SINISSASSO, it crumbles to dust.
The creatures around you are filled with an inner flame!
It was a scroll of immolation.
The bat hits you but does no damage.
Blink to where?
Press: ? - help, Dir - move target Blink to where?
Press: ? - help, Dir - move target
As you read the scroll labelled KYADUN YQACK, it crumbles to dust.
It was a scroll of blinking.
A bat is nearby!
A bat is nearby!
A rat comes into view.
Found a scroll labelled ARENUTH LULOTOIH.
The bat hits you but does no damage.
Found a murky white potion.
You block the bat's attack. You block the rat's attack.
You closely miss the rat. You hit the bat.
The bat explodes!
The fiery explosion engulfs you!!
Ouch! That really hurt!
You die...

##### .#...# .#...#
#####.#...#######.#
.....#..§§§.......
#........§@r......
+.......§§§....... ...
#................. ...
#...............!. ...#
#................#
...####..............?.#
#............>##+#####..
#..........#### ####
#......###.# .. ##


You could see a rat.

Vanquished Creatures
  2 dart slugs (D:1)
  3 endoplasms (D:1)
  A goblin (D:1)
  3 hobgoblins (D:1)
  A quokka (D:1)
  A ball python (D:1)
  A bat (D:2)
  A frilled lizard (D:1)
  2 kobolds (D:1)
  4 rats
19 creatures vanquished.

Notes
Turn   | Place    | Note
-------+----------+-------------------------------------------
     0 | D:1      | fireball365 the Hill Orc Fighter began the quest for the
                  | Orb.
     0 | D:1      | Reached XP level 1. HP: 19/19 MP: 1/1
    43 | D:1      | Found Qeuwk's Antique Armour Boutique.
   193 | D:1      | Reached XP level 2. HP: 16/27 MP: 2/2
   366 | D:1      | Found a faded altar of an unknown god.
   369 | D:1      | Reached skill level 4 in Fighting
   911 | D:2      | Killed by an exploding bat... ignited by their inner flame

Illustrated notes

Levels and vault maps discovered:
D:1:      minmay_arrival_glassed_features, layout_loops_cross, serial_shops,
          nicolae_diamond_shop, shapermc_ecumenical_altar_acropolis,
          minmay_misc_feat_pillars, chequers_serial_rivers_micro_e
D:2:      layout_basic

Skill      XL: |  1  2 |
---------------+-------+-----
Fighting       | 4 |  4.0
Axes           | 3 |  3.1
Armour         | |  3.6
Shields        | |  3.6

Action                     || total
---------------------------++-------
  Melee: War axe           ||    43
    Use: Scroll            ||     2
 Armour: Scale mail        ||    27
  Dodge: Dodged            ||    29
  Block: Buckler           ||    11
